 Dungeon Crawl Stone Soup version 0.31-a0-507-gbafd7f5274 (webtiles) character file.

Game seed: 11524037706554851490

62 MisterAzrael the Changeling (level 3, 0/37 HPs)
             Began as a Draconian Shapeshifter on Aug 9, 2023.
             Was a Follower of Hepliaklqana.
             Slain by an orc
             ... wielding a +0 dagger
              (2 damage)
             ... on level 3 of the Dungeon.
             The game lasted 00:03:07 (2535 turns).

MisterAzrael the Changeling (DrSh)                  Turns: 2535, Time: 00:03:08

Health: 0/37       AC: 21    Str: 19    XL:     3   Next: 85%
Magic:  3/3        EV:  2    Int:  8    God:    Hepliaklqana [*.....]
Gold:   147        SH:  0    Dex: 11    Spells: 2/2 levels left

rFire   . .          .
                       - Unarmed
rCold   . . .        (no shield)
rNeg    . . .        (body armour unavailable)
rPois   +            (helmet currently unavailable)
rElec   .            (cloak currently unavailable)
rCorr   .            (gloves currently unavailable)
SInv    .            (boots currently unavailable)
Will    .....        (no amulet)
Stlth   +            (no ring)
HPRegen 0.26/turn    (no ring)
MPRegen 0.08/turn

%: no passive effects
@: tree-form
A: stationary, stasis, torment immunity, boosted hp, reduced essence, AC +5,
unfitting armour, (cold-blooded)
a: Renounce Religion, Recall Ancestor, Ancestor Identity


You were on level 3 of the Dungeon.
You worshipped Hepliaklqana.
Hepliaklqana was aware of your devotion.
You were a tree.
You visited 1 branch of the dungeon, and saw 4 of its levels.

You collected 147 gold pieces.

Inventory:

Jewellery
 f - a ring of magical power
 n - a +4 ring of slaying
Talismans
 b - a beast talisman
 c - a flux talisman
Scrolls
 d - a scroll of enchant armour {unknown}
 e - a scroll of torment {unknown}
 g - 2 scrolls of poison {unknown}
 h - a scroll of butterflies {unknown}
 i - 4 scrolls of amnesia {unknown}
 k - a scroll of enchant weapon {unknown}
 l - a scroll of revelation {unknown}
 m - a scroll of fear {unknown}
Potions
 j - a potion of heal wounds {unknown}


   Skills:
 - Level 1.2 Fighting
 - Level 1.8 Dodging
 + Level 3.7 Unarmed Combat
 * Level 3.9 Shapeshifting


You had 2 spell levels left.
You didn't know any spells.
Your spell library contained the following spells:

 Spells                   Type           Power      Damage    Failure   Level
 Freeze                   Ice            0%         1d3       41%         1
 Frozen Ramparts          Ice            0%         1d1       78%         3
 Hailstorm                Conj/Ice       0%         3d3       78%         3


Dungeon Overview and Level Annotations

Branches:
Dungeon (4/15)
 Temple: D:4-7

Altars:
Cheibriados
Hepliaklqana
Ru

Annotations:
D:3 2 runed translucent doors


Innate Abilities, Weirdness & Mutations

You are a tree.
Your roots penetrate the ground, keeping you stationary.
You cannot be teleported.
You are immune to unholy pain and torment.
Your maximum health is greatly increased.
Your equipment is partially melded.
Your life essence is reduced to manifest your ancestor. (-10% HP)
((Your plain brown scales are hard. (AC +5)))
You cannot fit into any form of body armour.
((You are cold-blooded and may be slowed by cold attacks.))


Message History

Level annotation: 2 runed translucent doors
There is a stone staircase leading down here.
The orc attacks as you move away! The orc hits you but does no damage.
The quokka bites you.
Polnareff completely misses the orc.
The gnoll hits Polnareff with a +0 club!
The orc completely misses Polnareff.
The gnoll attacks as you move away! The gnoll closely misses you.
The quokka completely misses you.
Polnareff hits the orc but does no damage.
The gnoll hits Polnareff with a +0 club.
Polnareff is destroyed!
The quokka attacks as you move away! The quokka closely misses you.
The quokka bites you.
There is an open door here.
Your transformation has ended.
You turn into a tree.
Your roots penetrate the ground.
The quokka barely misses you. The gnoll barely misses you.
You barely miss the quokka.
The quokka is severely wounded.
The quokka bites you but does no damage.
The gnoll hits you but does no damage. The orc barely misses you.
You closely miss the quokka.
The quokka is severely wounded.
The quokka completely misses you. The gnoll hits you but does no damage.
The orc hits you with a +0 dagger.
* * * LOW HITPOINT WARNING * * *
You smack the quokka!
You kill the quokka!
You cannot move.
You cannot move.
You barely miss the gnoll. The gnoll hits you but does no damage.
The orc hits you but does no damage.
You hit the gnoll.
The gnoll is moderately wounded.
The gnoll hits you with a +0 flail.
* * * LOW HITPOINT WARNING * * *
The gnoll hits you with a +0 club.
* * * LOW HITPOINT WARNING * * *
The orc hits you with a +0 dagger.
You die...

##..#.#..###.
#########............
#....##.....#.#..#.##
#.......##..#.##.#...
#...........#....####
#.....####.#######
####..# #.# #.## #.# #
#####♣#####.# ###
#...ggo...#.########..
#.........#.##....#..#
#..>.................#
#......######....#####
#.....## #.....#
#####.# #8'8..#
#.#.######.#..####
#.#.....+..#......


You could see 2 gnolls and an orc.

Vanquished Creatures
  2 adders (D:3)
  A dart slug (D:3)
  An endoplasm (D:1)
  2 giant cockroaches (D:1)
  4 goblins
  6 hobgoblins
  2 kobolds (D:2)
  2 quokkas
  7 ball pythons
  3 bats (D:2)
  3 frilled lizards
  4 rats
37 creatures vanquished.

Vanquished Creatures (collateral kills)
  An orc (D:3)
1 creature vanquished.

Vanquished Creatures (others)
  An ancestor (D:3)
1 creature vanquished.

Grand Total: 39 creatures vanquished

Notes
Turn   | Place    | Note
-------+----------+-------------------------------------------
     0 | D:1      | MisterAzrael the Draconian Shapeshifter began the quest for
                  | the Orb.
     0 | D:1      | Reached XP level 1. HP: 16/16 MP: 1/1
   413 | D:1      | Reached XP level 2. HP: 14/23 MP: 2/2
  1369 | D:2      | Reached XP level 3. HP: 18/28 MP: 3/3
  1416 | D:2      | Found a sacrificial altar of Ru.
  1710 | D:3      | Found a snail-covered altar of Cheibriados.
  1907 | D:3      | Found a large runed translucent door.
  1908 | D:3      | Found a large runed translucent door.
  2028 | D:3      | Found a faded altar of an unknown god.
  2239 | D:3      | Prayed at the altar of an unknown god.
  2239 | D:3      | Became a worshipper of Hepliaklqana the Forgotten
  2239 | D:3      | Reached * piety under Hepliaklqana
  2519 | D:4      | Noticed an orc warrior
  2523 | D:4      | Noticed a scorpion
  2535 | D:3      | Slain by an orc

Illustrated notes

Levels and vault maps discovered:
D:1:      heliophobic_arrival_enchanted_forest, layout_basic
D:2:      layout_loops_cross, basic_altar
D:3:      layout_basic, kennysheep_slug_shrine, jmf_multi_god_temple2,
          ebering_ecumenical_altar_hall
D:4:      layout_rooms, minmay_temple_entry_fiery, uniq_robin, uniq_duvessa,
          uniq_grinder

Action                     || total
---------------------------++-------
  Melee: Unarmed           ||   124
         Tailslap          ||    17
 Invoke: Ancestor Identity ||     1
    Use: Potion            ||     1
 Armour: Skin              ||    30
  Dodge: Dodged            ||    89
   Form: Flux              ||     1

Table legend: (Time is in decaauts)
 A = Elapsed time spent in this place.
 B = Non-inter-level travel time spent in this place.
 C = Inter-level travel time spent in this place.
 D = Time resting spent in this place.
 E = Time spent auto-exploring this place.
 F = Levels seen in this place.
 G = Mean time per level.
                   A        B        C        D        E       F      G
               +--------+--------+--------+--------+--------+-----+--------+
         Total |   2533 |   2421 |    112 |    219 |   1881 |   4 |  633.2 |
       Dungeon |   2533 |   2421 |    112 |    219 |   1881 |   4 |  633.2 |
               +--------+--------+--------+--------+--------+-----+--------+

Top non-repeatable levels by time:
     D:3: 978 daAuts
     D:1: 894 daAuts
     D:2: 651 daAuts
     D:4: 7 daAuts
